AoeStats
← WinterFox

African Clearing

510571899Analyzed
3v3 RM · 21h ago on Oct 1, 2026· 28m 40s· 6 players
Game mode
Random Map
Map size
Normal (6 player)
Population
200
Speed
Normal
Resources
Standard
Victory
Conquest
Starting age
Dark Age
Ending age
Imperial Age
RankedLock teamsTeams togetherTeam positionsShared explorationLock speedFull tech treeHidden civsTurbo modeCheats
Victory
Defeat
🇩🇰 Varangians · Denmark
984
+14
🇬🇷 Persians · Greece
906
+17
🇩🇰 Vietnamese · Denmark
753
+49
🇮🇳 Aztecs · India
1012
-21
🇨🇱 Goths · Chile
905
-17
🇨🇳 Franks · China
870
-16
Necropulpectomía
4:17 Loom
4:26 Loom
Bickus Diggus
14:57 Feudal Age
15:08 Loom
15:39 Double-Bit Axe
18:07 Wheelbarrow
17:37 Man-at-Arms
25:12 Horse Collar
26:11 Scale Mail Armor
Noob.
3:50 Loom
18:15 Feudal Age
18:37 Man-at-Arms
18:42 Man-at-Arms
20:28 Forging
Dr. Hawamagun Amis-Yu
8:56 Loom
12:22 Feudal Age
14:37 Scale Barding Armor
22:30 Castle Age
21:16 Bloodlines
22:30 Wheelbarrow
23:20 Husbandry
23:59 Town Watch
UncGaming
14:55 Feudal Age
15:24 Loom
15:57 Double-Bit Axe
17:21 Bloodlines
17:24 Forging
18:05 Scale Mail Armor
18:13 Scale Barding Armor
26:20 Castle Age
26:40 Light Cavalry
27:21 Husbandry
27:14 Arson
29:15 Iron Casting
WinterFox
12:12 Feudal Age
14:46 Town Watch
15:17 Double-Bit Axe
15:51 Horse Collar
18:19 Wheelbarrow
19:16 Loom
23:57 Castle Age
22:02 Gold Mining
22:03 Stone Mining
21:49 Man-at-Arms
23:05 Bloodlines
23:36 Forging
24:01 Scale Mail Armor
24:17 Scale Barding Armor
24:37 Fletching
25:12 Squires
25:56 Chain Mail Armor
26:14 Heavy Plow
26:27 Bow Saw
26:55 Arson
26:34 Long Swordsman
Connection lost

Rejoining the realm…

Still unreachable

The connection could not be restored.

Session expired

The server has moved on; the page needs a fresh start.